 Dungeon Crawl Stone Soup version 0.17-a0-2109-g117576f (webtiles) character file.

15377 Kidiri the Thaumaturge (level 12, -1/68 HPs)
             Began as a Deep Elf Fire Elementalist on Oct 19, 2015.
             Was a Priest of Vehumet.
             Slain by Rupert
             ... wielding a +3 great mace of protection
              (33 damage)
             ... while paralysed by Rupert
             ... on level 3 of the Lair of Beasts.
             The game lasted 01:06:26 (18143 turns).

Kidiri the Thaumaturge (DEFE)                      Turns: 18143, Time: 01:06:26

Health: -1/68      AC: 18    Str: 10    XL:     12   Next: 0%
Magic:  26/29      EV:  2    Int: 26    God:    Vehumet [***...]
Gold:   739        SH:  0    Dex: 17    Spells: 12 memorised, 3 levels left

rFire  + . .     SeeInvis +     g - +0 quarterstaff (drain)
rCold  . . .     Clarity  .     t - +4 ring mail of Valiance {Str+5 Int+2}
rNeg   . . .     SustAt   .     (no shield)
rPois  .         Gourm    .     (helmet restricted)
rElec  .         Spirit   .     e - +2 cloak
rCorr  .         Warding  .     (no gloves)
rMut   .         Stasis   .     C - +0 pair of boots
MR     +....                    (no amulet)
Stlth  ++++......               i - ring of see invisible
                                J - ring of protection from fire

@: paralysed, somewhat resistant to hostile enchantments, stealthy
A: horns 1, iridescent scales 1, agile 1, dopey 1, subdued magic 2
a: Renounce Religion


You were on level 3 of the Lair of Beasts.
You worshipped Vehumet.
Vehumet was most pleased with you.
You were not hungry.

You visited 3 branches of the dungeon, and saw 12 of its levels.

You collected 739 gold pieces.

Inventory:

Hand Weapons
 g - a +0 quarterstaff of draining (weapon)
Armour
 e - a +2 cloak (worn)
 t - the +4 ring mail of Valiance (worn) {Str+5 Int+2}
   (You found it on level 5 of the Dungeon)

   It affects your strength (+5).
   It affects your intelligence (+2).
 w - a +1 shield
 y - a +1 buckler
 C - a +0 pair of boots (worn)
Jewellery
 d - an uncursed ring of sustain attributes
 i - a ring of see invisible (right hand)
 k - an uncursed ring of flight
 G - an uncursed ring of ice
 J - a ring of protection from fire (left hand)
Wands
 h - a wand of frost (31)
 q - a wand of random effects (27)
 z - a wand of fire (9)
 B - a wand of fireball (10)
Scrolls
 a - 6 scrolls of recharging
 l - 2 scrolls of teleportation
 m - 5 scrolls of remove curse
 n - 2 scrolls of immolation
 o - a scroll of magic mapping
 p - a scroll of noise
 s - 3 scrolls of blinking
 A - a scroll of amnesia
Potions
 f - 2 potions of agility
 j - 2 potions of flight
 r - a potion of resistance {unknown}
 u - 2 potions of lignification
 x - a potion of might
Books
 b - a book of Flames

   Spells                             Type                      Level
   a - Flame Tongue                   Conjuration/Fire             1
   b - Throw Flame                    Conjuration/Fire             2
   c - Conjure Flame                  Conjuration/Fire             3
   d - Inner Flame                    Hexes/Fire                   3
   e - Sticky Flame                   Conjuration/Fire             4
   f - Fireball                       Conjuration/Fire             5
 v - a book of Maledictions

   Spells                             Type                      Level
   a - Corona                         Hexes                        1
   b - Ensorcelled Hibernation        Hexes/Ice                    2
   c - Confuse                        Hexes                        3
   d - Tukima's Dance                 Hexes                        3
   e - Dazzling Spray                 Conjuration/Hexes            3
 F - an Akashic Record

   Spells                             Type                      Level
   a - Dispersal                      Translocation                6
   b - Controlled Blink               Translocation                7
   c - Malign Gateway                 Summoning/Translocation      7
   d - Disjunction                    Translocation                8
 H - a book of Dreams

   Spells                             Type                      Level
   a - Ensorcelled Hibernation        Hexes/Ice                    2
   b - Phase Shift                    Translocation                5
   c - Shadow Creatures               Summoning                    5
   d - Silence                        Hexes/Air                    5
   e - Darkness                       Hexes                        6
   f - Mass Confusion                 Hexes                        6
Comestibles
 c - 8 bread rations
 D - 2 meat rations
 E - 13 fruits
 I - a beef jerky


   Skills:
 + Level 5.1 Fighting
   Level 3.6(4.0) Maces & Flails
 + Level 3.2(4.5) Staves
 + Level 3.7 Armour
 + Level 7.5 Dodging
 + Level 8.2 Stealth
 + Level 3.7 Shields
 * Level 11.8 Spellcasting
 + Level 6.7 Conjurations
 + Level 7.5 Hexes
 + Level 7.6 Fire Magic
 + Level 2.1 Ice Magic


You had 3 spell levels left.
You knew the following spells:

 Your Spells              Type           Power        Failure   Level  Hunger
a - Flame Tongue          Conj/Fire      ####.        0%          1    None
b - Throw Flame           Conj/Fire      ####..       0%          2    None
c - Conjure Flame         Conj/Fire      ####....     0%          3    None
d - Inner Flame           Hex/Fire       ####....     0%          3    None
e - Sticky Flame          Conj/Fire      ####....     1%          4    None
f - Fireball              Conj/Fire      ####......   1%          5    ###....
g - Searing Ray           Conj           ####..       0%          2    None
h - Throw Frost           Conj/Ice       ###...       1%          2    None
i - Corona                Hex            ####...      0%          1    None
j - Ensorcelled Hibernat  Hex/Ice        ###...       1%          2    None
k - Confuse               Hex            ####....     0%          3    None
l - Dazzling Spray        Conj/Hex       ####....     0%          3    None


Dungeon Overview and Level Annotations

Branches:
Dungeon (8/15)             Temple (1/1) D:5            Lair (3/8) D:8
  Swamp: Lair:3-6    Shoals: Lair:3-6     Snake: Lair:3-6    Spider: Lair:3-6

Altars:
Ashenzari
Cheibriados
Dithmenos
Elyvilon
Fedhas
Gozag
Kikubaaqudgha
Makhleb
Nemelex Xobeh
Okawaru
Qazlal
Ru
Sif Muna
Trog
Vehumet
Xom
Yredelemnul
Zin
The Shining One

Annotations:
Lair:3 Rupert


Innate Abilities, Weirdness & Mutations

You have a pair of small horns on your head.
You are partially covered in iridescent scales (AC +4).
You are agile. (Dex +2)
You are dopey. (Int -2)
Your spells are easier to cast, but less powerful.


Message History

Casting: Sticky Flame
Confirm with . or Enter, or press ? or * to list all spells.
Aiming: Sticky Flame
Press: ? - help, Shift-Dir - straight line, f - Rupert
Aim: Rupert, wielding a great mace of protection and wearing a runed scale mail (resting)
The sticky flame hits Rupert.
Rupert resists.
Rupert is lightly wounded.
Rupert shouts!
Rupert is covered in liquid flames!
Rupert burns!
Rupert roars wildly at you.
You suddenly lose the ability to move!
Rupert burns!
Rupert roars madly and goes into a rage!
Rupert goes berserk!
Rupert burns!
Rupert hits you with a great mace of protection!
Rupert burns!
Rupert barely misses you.
Rupert burns!
Rupert stops burning.
Rupert hits you with a great mace of protection!!
You die...

#***,≈≈≈≈≈≈,,,,,,,,,*
.*#P.≈##≈#≈.........#
###..≈##≈≈≈.........##
.#*#.≈#≈PP≈..........# .#
#.≈≈≈≈≈≈.........##*** .#
#.................#,P*********
.###.........#.....##...,,,,,,,*,
.P..........###..@......,,,,,,,,*
................@.......,,,*,,,,*
........................,,,**,,,*
...P.............$......,,,**,,,*
...#................#...,,***,,,*
..#.........##.#.#..#,..,,* **∩**
..##.........########,,.,,* *≈≈≈*
..##........## *,**,,* *≈≈≈≈
....#..##..## **,*,,* **≈≈≈
..########.## ****,** *,,*


You could see Rupert (berserk).

Vanquished Creatures
  Erica (D:8)
  2 hydras
  Pikel (D:6)
  The ghost of radek the Thaumaturge, a novice DECj (D:8)
  2 black mambas
  Joseph (D:7)
  3 spiny frogs
  2 komodo dragons
  A troll (D:8)
  3 blink frogs (Lair:2)
  12 yaks
  A wyvern (D:8)
  4 hippogriffs
  10 wolves
  2 hungry ghosts (D:8)
  3 sky beasts
  3 slaves (D:6)
  5 water moccasins
  An orc warrior (D:8)
  4 ogres
  4 porcupines
  A phantom (D:7)
  2 centaurs
  3 crocodiles
  13 giant frogs
  2 big kobolds
  A gnoll sergeant (D:8)
  A wyvern skeleton (D:8)
  14 killer bees (D:8)
  A water moccasin skeleton (D:5)
  3 scorpions
  2 electric eels (Lair:1)
  A giant frog zombie (D:7)
  7 crimson imps
  3 hounds
  Crazy Yiuf (D:6)
  2 centaur skeletons
  5 iguanas
  4 orc wizards
  3 iron imps (D:5)
  3 worker ants
  A hound skeleton (D:4)
  A worker ant zombie (D:8)
  12 gnolls
  12 river rats
  12 adders
  A shadow imp (D:6)
  An ooze (D:1)
  An adder skeleton (D:4)
  3 worms
  6 giant geckos
  10 orcs
  3 ball pythons
  11 bats
  7 goblins
  5 hobgoblins
  13 jackals
  4 quokkas
  6 giant cockroaches
  4 giant newts
  15 kobolds
  11 rats
277 creatures vanquished.

Vanquished Creatures (others)
  A crimson imp (D:6)
  A hound (D:6)
  An adder (D:6)
  4 orcs (D:6)
  41 fungi
  13 plants
61 creatures vanquished.

Grand Total: 338 creatures vanquished

Notes
Turn   | Place    | Note
--------------------------------------------------------------
     0 | D:1      | Kidiri the Deep Elf Fire Elementalist began the quest for the Orb.
     0 | D:1      | Reached XP level 1. HP: 10/10 MP: 6/6
   115 | D:1      | Reached XP level 2. HP: 3/15 MP: 0/8
   184 | D:1      | Learned a level 2 spell: Throw Flame
   404 | D:1      | Reached skill level 4 in Spellcasting
   640 | D:1      | Reached XP level 3. HP: 19/19 MP: 7/10
   645 | D:1      | Learned a level 3 spell: Conjure Flame
   670 | D:1      | Learned a level 3 spell: Inner Flame
  1594 | D:2      | Found a deep blue altar of Sif Muna.
  1973 | D:2      | Reached XP level 4. HP: 24/24 MP: 6/12
  2804 | D:3      | Noticed an ogre
  3434 | D:3      | Killed an ogre
  3434 | D:3      | Reached skill level 1 in Fighting
  3434 | D:3      | Reached skill level 1 in Maces & Flails
  3434 | D:3      | Reached skill level 5 in Spellcasting
  3434 | D:3      | Reached XP level 5. HP: 27/29 MP: 4/14
  3440 | D:3      | Learned a level 4 spell: Sticky Flame
  4438 | D:4      | Noticed an ogre
  4443 | D:4      | Killed an ogre
  4443 | D:4      | Reached skill level 1 in Hexes
  4443 | D:4      | Reached XP level 6. HP: 34/34 MP: 5/16
  4989 | D:4      | Gained mutation: You are agile. (Dex +2) [potion of mutation]
  4989 | D:4      | Lost mutation: You are agile. (Dex +2) [potion of mutation]
  4989 | D:4      | Gained mutation: You have a pair of small horns on your head. [potion of mutation]
  5262 | D:3      | Found a shimmering altar of Xom.
  5262 | D:3      | Found a sacrificial altar of Ru.
  5262 | D:3      | Found a sparkling altar of Nemelex Xobeh.
  5262 | D:3      | Found a shadowy altar of Dithmenos.
  5342 | D:5      | Entered Level 5 of the Dungeon
  5375 | D:5      | Reached XP level 7. HP: 26/38 MP: 17/17
  5380 | D:5      | Found a burning altar of Makhleb.
  5381 | D:5      | Got a bronze ring mail
  5433 | D:5      | Identified the +4 ring mail of Valiance {Str+5 Int+2} (You found it on level 5 of the Dungeon)
  5590 | D:5      | Reached skill level 6 in Spellcasting
  5666 | D:5      | Learned a level 5 spell: Fireball
  5763 | D:5      | Found a glowing golden altar of the Shining One.
  6313 | D:5      | Found a staircase to the Ecumenical Temple.
  6362 | Temple   | Entered the Ecumenical Temple
  6455 | Temple   | Became a worshipper of Vehumet
  7048 | D:6      | Reached XP level 8. HP: 44/44 MP: 14/20
  7424 | D:6      | Noticed Pikel
  7460 | D:5      | Reached skill level 5 in Fire Magic
  7649 | D:5      | Reached skill level 7 in Spellcasting
  7734 | D:6      | Killed Pikel
  7734 | D:6      | Reached skill level 5 in Dodging
  7734 | D:6      | Reached skill level 5 in Stealth
  8245 | D:6      | Reached skill level 8 in Spellcasting
  8249 | D:6      | Gained mutation: You are agile. (Dex +2) [mutagenic meat]
  8250 | D:6      | Gained mutation: You are dopey. (Int -2) [mutagenic meat]
  8251 | D:6      | Gained mutation: Your spells are a little easier to cast, but a little less powerful. [mutagenic meat]
  8252 | D:6      | Gained mutation: Your spells are easier to cast, but less powerful. [mutagenic meat]
  8253 | D:6      | Gained mutation: You are partially covered in iridescent scales (AC +4). [mutagenic meat]
  8786 | D:6      | Noticed Crazy Yiuf
  8796 | D:6      | Killed Crazy Yiuf
  9999 | D:7      | Noticed Joseph
 10022 | D:7      | Killed Joseph
 10022 | D:7      | Reached XP level 9. HP: 15/49 MP: 5/23
 10036 | D:7      | Identified a -2 rod of destruction (10/10) (You found it on level 7 of the Dungeon)
 10535 | D:7      | Reached skill level 1 in Armour
 10535 | D:7      | Reached skill level 1 in Shields
 11103 | D:8      | Reached skill level 5 in Hexes
 11188 | D:8      | Reached * piety under Vehumet
 11188 | D:8      | Offered knowledge of Magic Dart by Vehumet.
 11244 | D:8      | Reached skill level 9 in Spellcasting
 11324 | D:8      | Noticed Erica
 11369 | D:8      | Killed Erica
 11369 | D:8      | Reached skill level 5 in Conjurations
 11369 | D:8      | Reached XP level 10. HP: 27/56 MP: 5/25
 11965 | D:8      | Noticed radek's ghost (novice DECj)
 12147 | D:8      | Killed radek's ghost
 12383 | D:8      | Found a staircase to the Lair.
 12857 | D:8      | Reached ** piety under Vehumet
 12857 | D:8      | Reached skill level 10 in Spellcasting
 12936 | D:8      | Offered knowledge of Searing Ray by Vehumet.
 12943 | D:8      | Learned a level 2 spell: Searing Ray
 13706 | Lair:1   | Entered Level 1 of the Lair of Beasts
 13720 | Lair:1   | Reached skill level 1 in Staves
 14064 | Lair:1   | Reached XP level 11. HP: 55/62 MP: 10/27
 14461 | Lair:1   | Offered knowledge of Throw Frost by Vehumet.
 14749 | Lair:1   | Learned a level 2 spell: Throw Frost
 14887 | Lair:1   | Noticed a five-headed hydra
 14904 | Lair:1   | Killed a five-headed hydra
 14904 | Lair:1   | Reached skill level 11 in Spellcasting
 15012 | Lair:1   | Learned a level 1 spell: Corona
 15015 | Lair:1   | Learned a level 2 spell: Ensorcelled Hibernation
 15019 | Lair:1   | Learned a level 3 spell: Confuse
 15023 | Lair:1   | Learned a level 3 spell: Dazzling Spray
 16078 | Lair:2   | Reached skill level 1 in Ice Magic
 16152 | Lair:2   | Reached *** piety under Vehumet
 16902 | Lair:2   | Reached skill level 5 in Fighting
 17560 | Lair:2   | Noticed a five-headed hydra
 17570 | Lair:2   | Killed a five-headed hydra
 18077 | Lair:3   | Reached XP level 12. HP: 56/68 MP: 20/29
 18132 | Lair:3   | Noticed Rupert
 18139 | Lair:3   | Paralysed by Rupert for 7 turns
 18143 | Lair:3   | Slain by Rupert

Vault maps used:
D:1:      onia_arrival_handbag, minmay_door_square
D:2:      lemuel_blue_sif_altar
D:3:      nicolae_overflow_hidden_temple
D:4:      minmay_misc_feat_plants
D:5:      demons_altar, minmay_temple_entry_purple_smoke, first_bread,
          basic_altar
D:6:      uniq_crazy_yiuf_cottage, uniq_pikel
D:7:      uniq_joseph
D:8:      due_lair_maze_entry_diamond, uniq_erica
Temple:   circular_temple_12
Lair:1:   cheibrodos_lair_caveside_slide, serial_bayou_lagoon_a,
          lemuel_fruit_tree
Lair:3:   nicolae_volcano_entry_two_sided, minmay_holes, grunt_megastairs_3,
          uniq_rupert

Action                   |  1- 3 |  4- 6 |  7- 9 | 10-12 || total
-------------------------+-------+-------+-------+-------++-------
Melee: Unarmed           |     3 |       |       |       ||     3
       Whip              |    12 |    22 |   354 |    56 ||   444
       Quarterstaff      |       |       |       |   123 ||   123
 Cast: Flame Tongue      |    38 |    47 |   111 |   216 ||   412
       Throw Flame       |    28 |    36 |    67 |   130 ||   261
       Conjure Flame     |       |     3 |     4 |    25 ||    32
       Sticky Flame      |       |     1 |    13 |    25 ||    39
       Fireball          |       |       |    16 |     5 ||    21
       Inner Flame       |       |       |     1 |    11 ||    12
       Confuse           |       |       |       |     1 ||     1
       Throw Frost       |       |       |       |     1 ||     1
  Use: Scroll            |     3 |     7 |    14 |     5 ||    29
       Potion            |       |     2 |     2 |     4 ||     8
 Stab: Sleeping          |     1 |       |       |     3 ||     4
  Eat: Chunk             |     2 |     1 |     8 |     9 ||    20
       Bread ration      |     1 |       |     2 |       ||     3
       Beef jerky        |       |     1 |       |       ||     1
       Meat ration       |       |     1 |     3 |     2 ||     6
       Fruit             |       |       |     1 |       ||     1
       Pizza             |       |       |       |     1 ||     1
